 Dungeon Crawl Stone Soup version 0.28.0-55-gcd9437bce4 (webtiles) character file.

Game seed: 12044937381193571209

1461 nerdsy the Covered (level 8, -3/74 HPs)
             Began as a Deep Dwarf Fighter on Jan 6, 2023.
             Slain by a boulder beetle (21 damage)
             ... on level 7 of the Dungeon.
             The game lasted 00:16:44 (5812 turns).

nerdsy the Covered (Deep Dwarf Fighter)             Turns: 5812, Time: 00:16:45

Health: -3/74      AC: 17    Str: 21    XL:     8   Next: 48%
Magic:  5/5        EV:  8    Int:  8    God:
Gold:   306        SH:  5    Dex: 16    Spells: 7/7 levels left

rFire   + . .      SeeInvis .   p - +7 dagger "Qumpoast" {vorpal, Will++ Int-2 Dex+4 Stlth+}
rCold   x . .      Faith    .   c - +0 buckler
rNeg    . . .      Spirit   .   o - +3 chain mail
rPois   .          Reflect  .   (no helmet)
rElec   .          Harm     .   (no cloak)
rCorr   .          Rampage  .   q - +2 pair of gloves
Will    +++..                   a - +0 pair of boots
Stlth   ..........              (no amulet)
HPRegen 0.00/turn               b - ring of fire
MPRegen 0.09/turn               A - +4 ring of slaying

@: no status effects
A: damage resistance, heal wounds, sense surroundings 1, no regeneration
a: Heal Wounds


You were on level 7 of the Dungeon.
You visited 1 branch of the dungeon, and saw 7 of its levels.

You collected 306 gold pieces.

Inventory:

Hand Weapons
 p - the +7 dagger "Qumpoast" (weapon) {vorpal, Will++ Int-2 Dex+4 Stlth+}
   (You took it off a hobgoblin on level 3 of the Dungeon)

   It inflicts extra damage upon your enemies.
   Int:       It affects your intelligence (-2).
   Dex:       It affects your dexterity (+4).
   Will:      It greatly increases your willpower.
   Stlth:     It makes you more stealthy.
Missiles
 y - a throwing net
Armour
 a - a +0 pair of boots (worn)
 c - a +0 buckler (worn)
 o - a +3 chain mail (worn)
 q - a +2 pair of gloves (worn)
 D - a +2 pair of gloves
Magical Staves
 e - a staff of fire
 k - a staff of death
Jewellery
 b - a ring of fire (left hand)
 A - a +4 ring of slaying (right hand)
Scrolls
 f - a scroll of magic mapping
 i - 3 scrolls of teleportation
 l - a scroll of amnesia
 s - a scroll of vulnerability
 t - a scroll of enchant armour {unknown}
 u - a scroll of noise
 w - a scroll of acquirement {unknown}
 z - a scroll of immolation {unknown}
 C - a scroll of blinking {unknown}
 E - a scroll of identify
Potions
 d - a potion of might
 g - 2 potions of berserk rage {unknown}
 h - a potion of curing {unknown}
 j - a potion of haste {unknown}
 m - 2 potions of brilliance {unknown}
 n - a potion of mutation {unknown}
 r - a potion of ambrosia {unknown}
 v - 2 potions of attraction {unknown}
 x - a potion of cancellation {unknown}
 B - a potion of resistance {unknown}


   Skills:
 + Level 5.0 Fighting
 + Level 4.5 Short Blades
 + Level 5.1 Axes
 + Level 6.5 Armour
 + Level 2.1 Dodging
 + Level 0.8 Stealth
 + Level 5.0 Shields


You had 7 spell levels left.
You didn't know any spells.
Your spell library contained the following spells:

 Spells                   Type           Power      Damage    Failure   Level
 Animate Skeleton         Necr           0%         N/A       99%         1
 Pain                     Necr           0%         1d4       99%         1
 Gell's Gravitas          Tloc           0%         N/A       100%        3
 Lesser Beckoning         Tloc           0%         N/A       100%        3
 Teleport Other           Tloc           0%         N/A       100%        3
 Vampiric Draining        Necr           0%         2d6       100%        3


Dungeon Overview and Level Annotations

Branches:
Dungeon (7/15)             Temple (0/1) D:6

Altars:
Dithmenos
Gozag
Vehumet
Yredelemnul

Shops:
D:1 (   D:5 *   D:7 [*

Annotations:
D:7 1 runed translucent door


Innate Abilities, Weirdness & Mutations

You are resistant to damage.
You can heal yourself by infusing magical energy.
You passively map a small area around you.
You do not regenerate.


Message History

The killer bee stings you but does no damage. x2
You puncture the killer bee!
The killer bee is almost dead.
The killer bee stings you but does no damage.
You hit the killer bee but do no damage.
The killer bee is almost dead.
The killer bee stings you but does no damage. x2
You miss the killer bee.
The killer bee is almost dead.
You block the killer bee's attack. The killer bee closely misses you.
You completely miss the killer bee.
The killer bee is almost dead.
The killer bee closely misses you.
You puncture the killer bee!
You kill the killer bee!
Your Fighting skill increases to level 5!
Your Shields skill increases to level 5!
There is a stone staircase leading up here.
Found a runed translucent door.
Found a rapier.
Found an escape hatch in the floor.
You open the door.
Found 2 javelins, a spear and 32 sling bullets.
A boulder beetle comes into view.
There is an open door here.
A boulder beetle is nearby!
The boulder beetle leaps!
The boulder beetle curls into a ball and begins rolling!
The boulder beetle hits you!
The boulder beetle stops rolling and uncurls.
You puncture the boulder beetle!
The boulder beetle is lightly wounded.
The boulder beetle completely misses you.
You hit the boulder beetle.
The boulder beetle is lightly wounded.
The boulder beetle bites you!
* * * LOW HITPOINT WARNING * * *
You hit the boulder beetle.
The boulder beetle is moderately wounded.
The boulder beetle bites you!!
You die...

#...#....#
###......# ##....##
##....#####
#..#......#
#.##......# ########
#.##......#
#......###'##......#
#...B@......#.....)#
#...?.......#>.....#
#...)(......#......#
#...(.......##...#.#
####........#
####..#### #.## *
..# * * .## *


You could see a boulder beetle.

Vanquished Creatures
  An orc warrior (D:4)
  2 necrophages
  An ogre (D:4)
  A gnoll sergeant (D:6)
  4 scorpions
  4 killer bees (D:7)
  A centaur zombie (D:5)
  A hound (D:5)
  An orc priest (D:4)
  A gnoll shaman (D:5)
  Jessica (D:3)
  4 iguanas
  An orc wizard (D:5)
  A killer bee zombie (D:6)
  12 gnolls
  2 adders (D:5)
  4 river rats (D:6)
  A white imp (D:5)
  An ufetubus (D:5)
  An adder skeleton (D:4)
  A worm (D:2)
  3 dart slugs
  17 orcs
  9 bats
  8 endoplasms
  2 giant cockroaches
  13 goblins
  15 hobgoblins
  4 jackals (D:1)
  10 kobolds
  4 quokkas
  3 ball pythons
  2 frilled lizards (D:3)
  8 rats
144 creatures vanquished.

Vanquished Creatures (others)
  42 plants
  2 withered plants (D:1)
44 creatures vanquished.

Grand Total: 188 creatures vanquished

Notes
Turn   | Place    | Note
-------+----------+-------------------------------------------
     0 | D:1      | nerdsy the Deep Dwarf Fighter began the quest for the Orb.
     0 | D:1      | Reached XP level 1. HP: 20/20 MP: 1/1
    51 | D:1      | Reached XP level 2. HP: 22/27 MP: 2/2
   249 | D:1      | Found a faded altar of an unknown god.
   385 | D:1      | Found Momy's Weapon Boutique.
   460 | D:1      | Reached XP level 3. HP: 21/34 MP: 3/3
   817 | D:2      | Noticed a scorpion
   831 | D:2      | Killed a scorpion
   832 | D:2      | Reached skill level 4 in Armour
   832 | D:2      | Reached XP level 4. HP: 6/42 MP: 4/4
  1414 | D:2      | Reached XP level 5. HP: 17/49 MP: 5/5
  2434 | D:3      | Reached skill level 1 in Dodging
  2464 | D:3      | Noticed Jessica
  2471 | D:3      | Killed Jessica
  2542 | D:3      | Identified the +7 dagger "Qumpoast" {vorpal, Will++ Int-2
                  | Dex+4 Stlth+}
  2803 | D:4      | Found a basalt altar of Yredelemnul.
  2824 | D:4      | Noticed a necrophage
  2837 | D:4      | Killed a necrophage
  2838 | D:4      | Reached XP level 6. HP: 49/57 MP: 6/6
  3079 | D:4      | Reached skill level 1 in Short Blades
  3147 | D:4      | Noticed an orc warrior
  3167 | D:4      | Killed an orc warrior
  3168 | D:4      | Reached skill level 5 in Axes
  3168 | D:4      | Reached skill level 5 in Armour
  3168 | D:4      | Reached XP level 7. HP: 53/64 MP: 6/6
  3317 | D:4      | Found an opulent altar of Gozag.
  3698 | D:5      | Entered Level 5 of the Dungeon
  3741 | D:5      | Found Syrafyqa's Assorted Antiques.
  4478 | D:6      | Reached XP level 8. HP: 22/73 MP: 6/6
  4707 | D:6      | Found a staircase to the Ecumenical Temple.
  4913 | D:6      | Reached skill level 6 in Armour
  5027 | D:6      | Found a radiant altar of Vehumet.
  5674 | D:7      | Found a shadowy altar of Dithmenos.
  5682 | D:7      | Found Hoedon's Antique Armour Emporium.
  5703 | D:7      | Found Angan's Overcharged Wands.
  5772 | D:7      | Reached skill level 5 in Fighting
  5772 | D:7      | Reached skill level 5 in Shields
  5781 | D:7      | Found a runed translucent door.
  5785 | D:7      | Noticed a sixfirhy
  5804 | D:7      | Noticed a boulder beetle
  5812 | D:7      | Slain by a boulder beetle

Illustrated notes

Levels and vault maps discovered:
D:1:      co_arrival_hall_of_pillars, layout_loops_ring,
          shapermc_ecumenical_altar_flowoftime, serial_shops,
          nicolae_shop_bloodbath_and_beyond
D:2:      cheibrodos_greedy_goblins, layout_basic, serial_rivers,
          chequers_serial_rivers_room_a, chequers_serial_rivers_marsh,
          chequers_serial_rivers_micro_c, chequers_serial_rivers_large_b,
          chequers_serial_rivers_micro_a, chequers_serial_rivers_large_a,
          chequers_serial_rivers_room_a
D:3:      layout_loops_corners, uniq_jessica
D:4:      layout_loops_corners, mainiacjoe_overflow_tiny_flanked,
          mainiacjoe_overflow_boulevard, grunt_ministairs_2,
          minmay_three_crescents
D:5:      layout_basic, serial_shops, nicolae_shop_advertising_works
          [nicolae_subvault_shop_adworks], serial_bayou_lagoon_a
D:6:      wad_woods_tower, layout_layer_cave, mainiacjoe_overflow_24_doors,
          temple_fountains
D:7:      cheibrodos_shockbox, layout_basic, overflow_temple_1_default,
          grunt_dithmenos_smoke, nicolae_take_the_stairs,
          nicolae_shop_overcharged_wands

Skill      XL: |  1  2  3  4  5  6  7  8 |
---------------+-------------------------+-----
Fighting       | 3 4 5 |  5.0
Axes           | 3 4 5 |  5.1
Armour         | 4 5 6 |  6.5
Dodging        | 1 2 |  2.1
Shields        | 4 5 |  5.0
Short Blades   | 1 3 4 |  4.5
Stealth        | |  0.8

Action                   |  1- 3 |  4- 6 |  7- 9 || total
-------------------------+-------+-------+-------++-------
Melee: War axe           |    86 |   100 |       ||   186
       Dagger            |       |    60 |   204 ||   264
 Abil: Heal Wounds       |       |     5 |     5 ||    10
  Use: Scroll            |       |       |     5 ||     5
Armor: Scale mail        |    54 |    56 |       ||   110
       Chain mail        |       |    35 |   117 ||   152
Dodge: Dodged            |    40 |    80 |    88 ||   208
Block: Buckler           |    28 |    42 |    65 ||   135
